AoeStats
← [Massa] Edo

African Clearing

504561450Analyzed
2v2 RM · 26d ago on Sep 5, 2026· 59m 6s· 4 players
Game mode
Random Map
Map size
Medium (4 player)
Population
200
Speed
Normal
Resources
Standard
Victory
Conquest
Starting age
Dark Age
Ending age
Imperial Age
RankedLock teamsTeams togetherTeam positionsShared explorationLock speedFull tech treeHidden civsTurbo modeCheats
Victory
Defeat
🇧🇷 Italians · Brazil
1467
+15
🇧🇷 Japanese · Brazil
1401
+18
🇹🇷 Persians · Türkiye
1465
-17
🇹🇷 Turks · Türkiye
1429
-16
[Massa] Edo
13:16 Feudal Age
16:46 Castle Age
15:11 Double-Bit Axe
16:50 Loom
18:53 Bow Saw
18:41 Horse Collar
27:53 Wheelbarrow
30:02 Fletching
32:53 Imperial Age
31:14 Bodkin Arrow
31:40 Heavy Plow
31:34 Gold Mining
32:53 Ballistics
32:30 Murder Holes
32:36 Padded Archer Armor
33:40 Murder Holes
33:56 Bracer
35:03 Leather Archer Armor
36:57 Ring Archer Armor
36:57 Hand Cart
37:32 Conscription
38:35 Chemistry
38:54 Masonry
38:18 Elite Genoese Crossbowman
39:17 Thumb Ring
41:55 Scale Barding Armor
42:00 Forging
42:57 Chain Barding Armor
43:49 Two-Man Saw
43:21 Crop Rotation
42:43 Stone Mining
42:50 Light Cavalry
43:31 Husbandry
44:50 Bloodlines
45:46 Iron Casting
46:16 Plate Barding Armor
46:07 Hussar
48:29 Blast Furnace
tg
8:11 Loom
11:56 Feudal Age
13:30 Double-Bit Axe
17:54 Forging
18:25 Forging
20:00 Fletching
23:59 Castle Age
22:45 Horse Collar
22:56 Gold Mining
24:20 Stone Mining
25:01 Bow Saw
24:38 Crossbowman
26:56 Husbandry
28:38 Gold Shaft Mining
28:55 Padded Archer Armor
29:53 Wheelbarrow
30:42 Wheelbarrow
29:53 Town Watch
30:25 Thumb Ring
30:17 Bodkin Arrow
31:32 Heavy Plow
32:22 Ballistics
40:51 Imperial Age
40:06 Leather Archer Armor
39:34 Treadmill Crane
44:05 Bracer
45:12 Chemistry
46:58 Ring Archer Armor
47:02 Parthian Tactics
51:14 Two-Man Saw
50:38 Hand Cart
52:48 Pikeman
53:29 Squires
53:30 Scale Mail Armor
56:04 Chain Mail Armor
55:11 Capped Ram
57:42 Halberdier
BoNeCoLLeCToR
10:33 Loom
12:40 Feudal Age
17:07 Castle Age
19:49 Double-Bit Axe
27:38 Wheelbarrow
28:34 Scale Barding Armor
28:40 Forging
31:32 Chain Barding Armor
33:06 Bow Saw
33:13 Horse Collar
34:23 Bloodlines
34:14 Husbandry
39:18 Imperial Age
37:43 Parthian Tactics
37:28 Elite Skirmisher
38:02 Fletching
38:13 Padded Archer Armor
39:02 Bodkin Arrow
39:59 Leather Archer Armor
43:34 Ballistics
48:32 Thumb Ring
57:44 Heavy Camel Rider
Satriani
10:06 Loom
12:48 Feudal Age
16:26 Castle Age
14:30 Double-Bit Axe
22:21 Horse Collar
25:54 Bow Saw
26:21 Wheelbarrow
30:09 Hand Cart
30:06 Heavy Plow
34:42 Imperial Age
32:27 Padded Archer Armor
33:05 Scale Barding Armor
32:54 Fletching
33:09 Husbandry
33:19 Bloodlines
34:19 Leather Archer Armor
34:09 Gold Mining
34:10 Stone Mining
34:40 Bodkin Arrow
36:14 Ring Archer Armor
37:57 Chain Barding Armor
37:47 Forging
37:43 Elite Janissary
39:15 Conscription
39:32 Gold Shaft Mining
39:44 Plate Barding Armor
40:13 Devotion
43:14 Ballistics
45:09 Iron Casting
46:31 Artillery
51:54 Blast Furnace
51:30 Artillery
Connection lost

Rejoining the realm…

Still unreachable

The connection could not be restored.

Session expired

The server has moved on; the page needs a fresh start.